[Event "ICC tourney 2212 (3 2)"]
[Site "Internet Chess Club"]
[Date "2020.12.18"]
[Round "6"]
[White "Goran21"]
[Black "jy2020"]
[Result "0-1"]
[ICCResult "White forfeits on time"]
[WhiteElo "2008"]
[BlackElo "2227"]
[Opening "Sicilian"]
[ECO "B50"]
[NIC "SI.01"]
[Time "21:10:38"]
[TimeControl "180+2"]

1. e4 c5 2. Nf3 d6 3. c3 Nf6 4. Be2 g6 5. O-O Bg7 6. Re1 O-O 7. Bf1 Nc6 8.
d4 cxd4 9. cxd4 e5 10. d5 Ne7 11. Nc3 Ne8 12. a4 f5 13. Ng5 h6 14. Ne6 Bxe6
15. dxe6 Qc8 16. exf5 gxf5 17. Qb3 Nc7 18. Nb5 Nxb5 19. Bxb5 d5 20. Bd7 Qc7
21. Bd2 Rfd8 22. Rac1 Qb6 23. Qa3 Nc6 24. Qg3 Kh7 25. Qh3 Rf8 26. b4 Qd8 27.
b5 Nd4 28. Bb4 Rf6 29. Rcd1 Nxe6 30. Bxe6 Rxe6 31. Qxf5+ Rg6 32. g3 d4 33.
h4 Qf6 34. Qe4 h5 35. Bd2 Rf8 36. Rf1 Qf3 37. Rde1 Qxe4 38. Rxe4 Rf3 39. Rc1
Rd3 40. Bg5 Rc3 41. Rxc3 dxc3 42. Rc4 e4 43. Rxe4 Rd6 44. Rc4 Kg6 45. Kg2 a6
46. Bf4 Re6 47. Be3 axb5 48. axb5 Kf5 49. Kf3 Kg6 50. Ke2 Re8 51. b6 Re7 52.
Kd3 Rd7+ 53. Kc2 Rf7 54. Rc7 Be5 55. Rc8 Bg7 56. Bf4 Rd7 57. Rc7 Rf7 58. f3
Bd4 59. Rc4 Bxb6 60. Kxc3 Bf2 61. Kd3 Bxg3 62. Be3 Rxf3 63. Ke4 Rf7 64. Bg5
Bd6 65. Kd5 Be7 66. Be3 b5 67. Rc6+ Rf6 68. Rc7 Bd6 69. Rb7 Bg3 70. Bg5 Rf5+
71. Ke4 Bf2 72. Rb8 Rc5 73. Rb6+ Kg7 74. Rd6 Rc4+ 75. Kf3 Bxh4 76. Be3 Bf6
77. Rb6 b4 78. Ke2 Rc2+ 79. Kd3 Rc3+ 80. Ke4 b3 81. Bf4 Rc4+ 82. Kf5 b2 83.
Rb7+ Kg8 84. Bh6 Bc3 85. Kg6 Rb4 86. Rxb4 Bxb4 {White forfeits on time} 0-1

[Event "ICC tourney 2212 (3 2)"]
[Site "Internet Chess Club"]
[Date "2020.12.18"]
[Round "6"]
[White "MrNormalName"]
[Black "breaker90"]
[Result "1-0"]
[ICCResult "Black resigns"]
[WhiteElo "2181"]
[BlackElo "2112"]
[Opening "King's Indian: Kazakh variation"]
[ECO "E91"]
[NIC "KI.19"]
[Time "21:11:11"]
[TimeControl "180+2"]

1. d4 Nf6 2. c4 g6 3. Nc3 Bg7 4. e4 d6 5. Nf3 O-O 6. Be2 Na6 7. O-O e5 8.
Be3 c6 9. d5 Ng4 10. Bg5 f6 11. Bd2 c5 12. Ne1 h5 13. f3 Nh6 14. Be3 Nf7 15.
Nd3 f5 16. exf5 Bxf5 17. Ne4 Bxe4 18. fxe4 Bh6 19. Qd2 Bxe3+ 20. Qxe3 Qg5
21. Qh3 Qe7 22. Rf2 Ng5 23. Qg3 Rxf2 24. Nxf2 Kh7 25. h4 Nf7 26. Nh3 Nb4 27.
Rf1 Rf8 28. Qf3 Kg7 29. Qg3 Kh7 30. a3 Nc2 31. Qf2 Kg7 32. Bxh5 gxh5 33.
Qxc2 Qxh4 34. Qe2 Qg4 35. Qe3 Qg6 36. Rf3 Nh6 37. Rxf8 Kxf8 38. Ng5 Ng4 39.
Qf3+ Ke7 40. Ne6 Qf6 41. Qg3 Kd7 42. Qf3 Qxf3 43. gxf3 Ne3 44. b3 Nc2 45.
Ng7 Nxa3 46. Nxh5 Nb1 47. f4 exf4 48. Nxf4 Nd2 49. e5 Nf3+ 50. Kf2 Nxe5 51.
Ke3 a6 52. Kd2 b5 53. Kc3 b4+ 54. Kc2 a5 55. Ne6 Nf3 56. Nf8+ Ke8 57. Ne6
Ke7 58. Nc7 Kf6 59. Nb5 Ke5 60. Na7 Ke4 61. Nc8 Nd4+ 62. Kb2 Nf5 63. Na7 Nd4
64. Nc6 Nf5 65. Nxa5 Kd3 66. Nb7 Kd2 67. Nd8 Kd3 68. Ne6 Ne3 69. Nf4+ Kd2
70. Nh5 Nd1+ 71. Ka2 Kc3 72. Ng3 Ne3 73. Ne4+ Kd4 74. Nxd6 Nc2 75. Nb7 Ke5
76. Nxc5 Kd6 77. Nd3 Nd4 78. Nxb4 Kc5 79. Nd3+ Kb6 80. b4 Nc2 81. Kb3 Ne3
82. c5+ Kb5 83. d6 Kc6 84. Kc3 Nd5+ 85. Kc4 Ne3+ 86. Kd4 Nc2+ 87. Ke5 Kd7
88. b5 Ne3 89. c6+ Kc8 90. d7+ {Black resigns} 1-0

[Event "ICC tourney 2212 (3 2)"]
[Site "Internet Chess Club"]
[Date "2020.12.18"]
[Round "7"]
[White "shaivamkale"]
[Black "miyzhang"]
[Result "0-1"]
[ICCResult "White checkmated"]
[WhiteElo "421"]
[BlackElo "1227"]
[Opening "Giuoco Pianissimo: Canal variation"]
[ECO "C50"]
[NIC "IG.02"]
[Time "21:40:48"]
[TimeControl "180+2"]

1. e4 e5 2. Nf3 Nc6 3. Bc4 Bc5 4. Nc3 d6 5. d3 Nf6 6. Bg5 Bd7 7. O-O h6 8.
Bh4 g5 9. Bg3 Bg4 10. h3 Bh5 11. Qe1 Bxf3 12. gxf3 h5 13. Qc1 h4 14. Qxg5
hxg3 15. Kg2 Qe7 16. Nd5 Nxd5 17. Qg7 Qh4 18. Bxd5 Qxh3+ 19. Kg1 Qh2#
{White checkmated}
0-1

[Event "ICC tourney 2212 (3 2)"]
[Site "Internet Chess Club"]
[Date "2020.12.18"]
[Round "7"]
[White "Averyyu321"]
[Black "Jeffchess"]
[Result "1-0"]
[ICCResult "Black checkmated"]
[WhiteElo "1739"]
[BlackElo "1254"]
[Opening "Sicilian: Marshall variation"]
[ECO "B41"]
[NIC "FR.01"]
[Time "21:40:49"]
[TimeControl "180+2"]

1. e4 e6 2. d4 c5 3. Nf3 d5 4. Nc3 c4 5. Be2 b5 6. Nxb5 dxe4 7. Ng5 h6 8.
Nxe4 Qd5 9. Nbc3 Bb4 10. O-O Bb7 11. Nxd5 Bxd5 12. Nc3 Nf6 13. Nxd5 exd5 14.
c3 Bd6 15. Re1 O-O 16. Bf3 Nbd7 17. Be3 Rfe8 18. Qd2 Reb8 19. Rab1 a5 20.
Bf4 Rb6 21. Bxd6 Rxd6 22. Qf4 Raa6 23. Re2 a4 24. a3 Rab6 25. Rbe1 Kf8 26.
g4 g5 27. Qe3 Re6 28. Qd2 Red6 29. h4 gxh4 30. Qxh6+ Kg8 31. Re8+ Nxe8 32.
Rxe8+ Nf8 33. Rxf8# {Black checkmated} 1-0

[Event "ICC tourney 2212 (3 2)"]
[Site "Internet Chess Club"]
[Date "2020.12.18"]
[Round "7"]
[White "chessfidebullet"]
[Black "Kinawa"]
[Result "0-1"]
[ICCResult "White resigns"]
[WhiteElo "1289"]
[BlackElo "1535"]
[Opening "Caro-Kann defense"]
[ECO "B10"]
[NIC "CK.01"]
[Time "21:40:55"]
[TimeControl "180+2"]

1. e4 c6 2. Nf3 d5 3. exd5 cxd5 4. Nc3 Nc6 5. Bb5 Nf6 6. Ne5 Bd7 7. Bxc6
Bxc6 8. d4 e6 9. Bg5 Be7 10. Qd3 Nd7 11. h4 Bxg5 12. hxg5 Nxe5 13. dxe5 Qxg5
14. Qg3 Qxg3 15. fxg3 O-O-O 16. b4 d4 17. Ne2 Bxg2 18. Rg1 Bf3 19. Nf4 Be4
20. Rd1 Kb8 21. Rd2 Rc8 22. Nh5 Rhg8 23. g4 Bxc2 24. Ng3 d3 25. Ne4 Rc4 26.
Nd6 Rxb4 27. Nxf7 Rf8 28. Ng5 Rb1+ {White resigns} 0-1

[Event "ICC tourney 2212 (3 2)"]
[Site "Internet Chess Club"]
[Date "2020.12.18"]
[Round "7"]
[White "Tacticsguy52"]
[Black "Goran21"]
[Result "0-1"]
[ICCResult "White checkmated"]
[WhiteElo "1845"]
[BlackElo "2008"]
[Opening "Sicilian: Najdorf, Byrne (English) attack"]
[ECO "B90"]
[NIC "SI.14"]
[Time "21:40:47"]
[TimeControl "180+2"]

1. e4 c5 2. Nf3 d6 3. d4 cxd4 4. Nxd4 Nf6 5. Nc3 a6 6. Be3 e5 7. Nb3 Be6 8.
h3 h5 9. Be2 Nbd7 10. O-O b5 11. Bd3 Be7 12. a4 b4 13. Ne2 d5 14. f3 h4 15.
a5 dxe4 16. fxe4 Qc7 17. Qd2 Bxb3 18. cxb3 Bc5 19. Rfc1 Bxe3+ 20. Qxe3 Qd6
21. Rd1 Qc5 22. Kf2 O-O 23. Rdc1 Qd6 24. Rd1 Qe7 25. Bc4 Nc5 26. Bd5 Nxd5
27. Rxd5 Rac8 28. Rc1 Ne6 29. Rxc8 Rxc8 30. Qd3 Qf6+ 31. Kg1 Qg5 32. Qxa6
Rc2 33. Qd3 Rxb2 34. a6 Ra2 35. Rb5 Nd4 36. Nxd4 Qxg2# {White checkmated}
0-1

[Event "ICC tourney 2212 (3 2)"]
[Site "Internet Chess Club"]
[Date "2020.12.18"]
[Round "7"]
[White "blackjack721"]
[Black "ved2006"]
[Result "1-0"]
[ICCResult "Black resigns"]
[WhiteElo "1492"]
[BlackElo "1719"]
[Opening "French: Tarrasch, open variation"]
[ECO "C07"]
[NIC "FR.18"]
[Time "21:40:45"]
[TimeControl "180+2"]

1. e4 e6 2. d4 d5 3. Nd2 c5 4. c3 Nc6 5. e5 Nh6 6. Ndf3 Nf5 7. Bd3 Qb6 8.
Bxf5 exf5 9. Ne2 Be6 10. O-O g6 11. Nf4 Bg7 12. Nxe6 fxe6 13. Ng5 Ke7 14.
dxc5 Qxc5 15. Be3 Qb5 16. a4 Qxb2 17. Bc5+ Kd7 18. Nf7 Rhf8 19. Nd6 Bxe5 20.
Rb1 Qxc3 21. Rxb7+ Kd8 22. Nf7+ Rxf7 23. Rxf7 Qxc5 24. Rxh7 Ne7 25. Re1 Bd4
26. Rxe6 Bxf2+ 27. Kh1 Be3 28. Rexe7 Qxe7 29. Qxd5+ Ke8 30. Qxa8+
{Black resigns}
1-0

[Event "ICC tourney 2212 (3 2)"]
[Site "Internet Chess Club"]
[Date "2020.12.18"]
[Round "7"]
[White "jy2020"]
[Black "chessrex"]
[Result "0-1"]
[ICCResult "White resigns"]
[WhiteElo "2227"]
[BlackElo "1958"]
[Opening "Philidor: Philidor counter-gambit"]
[ECO "C41"]
[NIC "KP.08"]
[Time "21:41:39"]
[TimeControl "180+2"]

1. e4 e5 2. Nf3 d6 3. d4 f5 4. dxe5 fxe4 5. Ng5 d5 6. c4 Bb4+ 7. Bd2 Qxg5 8.
Bxb4 Nc6 9. Bd2 Qxe5 10. cxd5 Qxd5 11. Nc3 Qe6 12. Bb5 Ne7 13. Qe2 a6 14.
Bc4 Qg6 15. Qxe4 Bf5 16. Qf4 O-O-O 17. O-O Bh3 18. g3 Bxf1 19. Bxf1 Rhf8 20.
Qe3 Nf5 21. Qg5 Qxg5 22. Bxg5 Rde8 23. Bh3 Kb8 24. Nd5 Nfd4 25. Rd1 Nf3+
{White resigns}
0-1

[Event "ICC tourney 2212 (3 2)"]
[Site "Internet Chess Club"]
[Date "2020.12.18"]
[Round "7"]
[White "edenhe"]
[Black "RG2017"]
[Result "0-1"]
[ICCResult "White forfeits on time"]
[WhiteElo "1518"]
[BlackElo "1989"]
[Opening "QGD: semi-Slav, Noteboom variation"]
[ECO "D30"]
[NIC "QP.08"]
[Time "21:40:45"]
[TimeControl "180+2"]

1. d4 d5 2. c4 e6 3. Nf3 c6 4. Nc3 dxc4 5. e4 b5 6. a4 Bb4 7. Bg5 Ne7 8.
axb5 cxb5 9. Be2 a6 10. O-O Bb7 11. e5 O-O 12. h3 Nd7 13. Qc2 h6 14. Bh4
Bxc3 15. bxc3 Nb6 16. Rfb1 Qc7 17. Qd2 Nf5 18. Bd1 Be4 19. Bg3 Nxg3 20. fxg3
Nd5 21. Bc2 Bxc2 22. Qxc2 Rfb8 23. Nd2 a5 24. Ne4 b4 25. cxb4 axb4 26. Rxa8
Rxa8 27. Nc5 c3 {White forfeits on time} 0-1

[Event "ICC tourney 2212 (3 2)"]
[Site "Internet Chess Club"]
[Date "2020.12.18"]
[Round "7"]
[White "pmchess98"]
[Black "xcelswimmer"]
[Result "1-0"]
[ICCResult "Black checkmated"]
[WhiteElo "1441"]
[BlackElo "1920"]
[Opening "French: advance, Milner-Barry gambit"]
[ECO "C02"]
[NIC "FR.03"]
[Time "21:40:51"]
[TimeControl "180+2"]

1. e4 e6 2. d4 d5 3. e5 c5 4. c3 Nc6 5. Nf3 Qb6 6. Bd3 Bd7 7. O-O cxd4 8.
cxd4 Nxd4 9. Nxd4 Qxd4 10. Nc3 a6 11. Qe2 Bb4 12. Bd2 Ne7 13. Kh1 Rc8 14. f4
h5 15. Be3 Bxc3 16. Bxd4 Bxd4 17. Rac1 O-O 18. Qxh5 g6 19. Qh6 Bb5 20. Bxb5
axb5 21. g4 b4 22. Rcd1 Bxb2 23. Rd3 Rfd8 24. Rh3 f5 25. Qh8+ Kf7 26. Rh7#
{Black checkmated}
1-0

[Event "ICC tourney 2212 (3 2)"]
[Site "Internet Chess Club"]
[Date "2020.12.18"]
[Round "7"]
[White "SupaHotFiya"]
[Black "Zapateado"]
[Result "1-0"]
[ICCResult "Black resigns"]
[WhiteElo "1982"]
[BlackElo "1908"]
[Opening "Trompowsky attack (Ruth, Opocenský opening)"]
[ECO "A45"]
[NIC "QP.07"]
[Time "21:40:46"]
[TimeControl "180+2"]

1. d4 Nf6 2. Bg5 Ne4 3. Bf4 d5 4. Nd2 Nxd2 5. Qxd2 Bf5 6. e3 c6 7. Bd3 Bxd3
8. Qxd3 e6 9. Nf3 Bd6 10. Bxd6 Qxd6 11. O-O Nd7 12. c4 Nf6 13. cxd5 exd5 14.
Ne5 O-O 15. Rab1 Nd7 16. Nxd7 Qxd7 17. b4 a6 18. a4 Rfe8 19. b5 axb5 20.
axb5 Qd6 21. bxc6 bxc6 22. Rfc1 Rac8 23. Rb6 Re6 24. Qa6 Qd7 25. Rb7 Qd6 26.
Rxf7 Kxf7 27. Qxc8 Rh6 28. g3 Rf6 29. Rb1 Qe6 30. Rb7+ Kg6 31. Qc7 Rf7 32.
Qxf7+ Qxf7 33. Rxf7 Kxf7 34. Kf1 Kf6 35. Ke2 Kf5 36. f3 h5 37. h3 g5 38. Kd3
g4 39. hxg4+ hxg4 40. e4+ Kg5 41. f4+ Kf6 42. e5+ Kf5 43. Kc3 Ke4 44. e6 Kf3
45. e7 Kxg3 46. f5 {Black resigns} 1-0

[Event "ICC tourney 2212 (3 2)"]
[Site "Internet Chess Club"]
[Date "2020.12.18"]
[Round "7"]
[White "stocktn2malone"]
[Black "Monkeybomb3605"]
[Result "0-1"]
[ICCResult "White checkmated"]
[WhiteElo "1715"]
[BlackElo "2047"]
[Opening "Sicilian: Najdorf, Byrne (English) attack"]
[ECO "B90"]
[NIC "SI.14"]
[Time "21:40:43"]
[TimeControl "180+2"]

1. e4 c5 2. Nf3 d6 3. d4 cxd4 4. Nxd4 Nf6 5. Nc3 a6 6. Be3 e5 7. Nf3 Be7 8.
h3 O-O 9. Be2 Qc7 10. Qd2 Nc6 11. O-O-O Be6 12. Ng5 Na5 13. Nxe6 fxe6 14. f4
b5 15. Bd3 Nc4 16. Bxc4 Qxc4 17. Qd3 Qc6 18. fxe5 dxe5 19. g4 b4 20. g5 bxc3
21. gxf6 cxb2+ 22. Kxb2 Rfb8+ 23. Kc1 Bxf6 24. Rhg1 Rb5 25. Bg5 Bxg5+ 26.
Rxg5 Rab8 27. Kd2 Rb4 28. Qg3 Rd4+ 29. Kc1 Rxd1+ 30. Kxd1 Rb1+ 31. Kd2 Qd7+
32. Kc3 Qd4# {White checkmated} 0-1

[Event "ICC tourney 2212 (3 2)"]
[Site "Internet Chess Club"]
[Date "2020.12.18"]
[Round "7"]
[White "masonmcc"]
[Black "yav"]
[Result "0-1"]
[ICCResult "White checkmated"]
[WhiteElo "778"]
[BlackElo "1216"]
[Opening "Queen's pawn, Mason variation"]
[ECO "D00"]
[NIC "QP.08"]
[Time "21:40:49"]
[TimeControl "180+2"]

1. d4 d5 2. Bf4 Nf6 3. e3 Nc6 4. Nf3 g6 5. c3 Bg7 6. Bd3 a6 7. Nbd2 Bd7 8.
Ne5 Nxe5 9. dxe5 Nh5 10. g4 Nxf4 11. exf4 Qc8 12. Rg1 c5 13. Qe2 c4 14. Bc2
a5 15. O-O-O b5 16. f5 b4 17. f6 Bf8 18. cxb4 axb4 19. Nf3 b3 20. Kd2 bxc2
21. Kxc2 Rxa2 22. Ra1 Qa6 23. Rxa2 Qxa2 24. Qd2 Ba4+ 25. Kc3 Qb3+ 26. Kd4
Qb6+ 27. Kc3 e6 28. b3 Bb4+ 29. Kc2 Bxd2 30. Kxd2 Bxb3 31. Rb1 Qxf2+ 32. Kc3
Qxf3+ 33. Kb4 Kd7 34. Ra1 Rb8+ 35. Kc5 Qe3# {White checkmated} 0-1

[Event "ICC tourney 2212 (3 2)"]
[Site "Internet Chess Club"]
[Date "2020.12.18"]
[Round "7"]
[White "ritterfork"]
[Black "PearsonH"]
[Result "1/2-1/2"]
[ICCResult "Game drawn by repetition"]
[WhiteElo "1846"]
[BlackElo "1756"]
[Opening "French: King's Indian attack"]
[ECO "C00"]
[NIC "FR.02"]
[Time "21:40:42"]
[TimeControl "180+2"]

1. e4 e6 2. d3 d5 3. Qe2 dxe4 4. dxe4 c5 5. Nf3 Nc6 6. c3 Nf6 7. g3 Be7 8.
Bg2 O-O 9. O-O Qc7 10. Bf4 e5 11. Bg5 h6 12. Bxf6 Bxf6 13. Nbd2 Rd8 14. Rfd1
Be6 15. Nc4 Bxc4 16. Qxc4 Rxd1+ 17. Rxd1 b6 18. Bf1 Rd8 19. Rd5 Na5 20. Qd3
Nc6 21. Qd1 Qe7 22. Bb5 Rc8 23. Bxc6 Rxc6 24. Rd7 Qe6 25. a3 a6 26. Rd2 Be7
27. Ne1 Rd6 28. Nc2 Rxd2 29. Qxd2 Qd6 30. Qxd6 Bxd6 31. Ne3 g6 32. b3 b5 33.
c4 bxc4 34. Nxc4 Bc7 35. a4 Kf8 36. Ne3 Ke7 37. Nd5+ Kd6 38. Kf1 f5 39. f3
fxe4 40. fxe4 Bd8 41. g4 h5 42. h3 hxg4 43. hxg4 Be7 44. Ke2 Bg5 45. Kd3 Bh4
46. Kc4 Bf2 47. Nc3 Bd4 48. Nd5 Bf2 49. b4 cxb4 50. Kxb4 Be1+ 51. Kc4 Bd2
52. Nb4 Bxb4 53. Kxb4 Kc6 54. a5 g5 55. Kc4 Kd6 56. Kb4 Kc6 57. Kc4 Kd6 58.
Kb4 Kc6 59. Kc4 Kd6 {Game drawn by repetition} 1/2-1/2

[Event "ICC tourney 2212 (3 2)"]
[Site "Internet Chess Club"]
[Date "2020.12.18"]
[Round "7"]
[White "mhebden"]
[Black "eigenator"]
[Result "0-1"]
[ICCResult "White resigns"]
[WhiteElo "2503"]
[BlackElo "2376"]
[Opening "QGD"]
[ECO "D02"]
[NIC "QP.06"]
[Time "21:40:43"]
[TimeControl "180+2"]

1. d4 Nf6 2. Nf3 d5 3. c4 e6 4. Bg5 Nbd7 5. e3 h6 6. Bxf6 Nxf6 7. Nc3 Bd6 8.
Rc1 c6 9. Bd3 O-O 10. O-O Qe7 11. Ne5 c5 12. f4 cxd4 13. exd4 dxc4 14. Bxc4
Bd7 15. Qf3 Rac8 16. Qxb7 Rb8 17. Qxa7 Rxb2 18. Nxd7 Nxd7 19. Bb5 Rd8 20.
Bxd7 Rxd7 21. Qa8+ Kh7 22. Qe4+ Kg8 23. f5 exf5 24. Qxe7 Bxe7 25. d5 Bg5 26.
Rcd1 Rc2 27. Nb5 Rc5 28. a4 Rdxd5 29. Rxd5 Rxd5 30. Ra1 Be3+ 31. Kf1 f4 32.
Nc3 Rd2 33. Ne4 Rd4 34. Nc3 Rc4 35. Ne2 g5 36. a5 Ba7 37. a6 Rc2 38. Rb1 Ra2
39. Nc3 Rxa6 40. Rb7 Bd4 41. Nd5 Kg7 42. Ke2 Ra2+ 43. Kd3 Bc5 44. Rc7 Bd6
45. Rd7 Bf8 46. g3 f3 47. Rb7 Rxh2 48. Ne3 Bc5 49. Nf5+ Kg6 50. g4 h5 51.
Rc7 f2 52. Ke2 f1=Q+ 53. Kxf1 Rf2+ 54. Ke1 hxg4 55. Nd6 Bxd6 56. Rc6 Rf6
{White resigns}
0-1

[Event "ICC tourney 2212 (3 2)"]
[Site "Internet Chess Club"]
[Date "2020.12.18"]
[Round "7"]
[White "JensenUVA"]
[Black "clair"]
[Result "1-0"]
[ICCResult "Black checkmated"]
[WhiteElo "1516"]
[BlackElo "1682"]
[Opening "Modern defense"]
[ECO "A40"]
[NIC "QO.17"]
[Time "21:40:47"]
[TimeControl "180+2"]

1. d4 g6 2. c4 Bg7 3. Nc3 e6 4. e4 Ne7 5. Be3 d5 6. cxd5 exd5 7. e5 O-O 8.
Be2 c5 9. Nf3 cxd4 10. Bxd4 Nbc6 11. O-O Bg4 12. Bc5 Bxf3 13. Bxf3 Bxe5 14.
Nxd5 Re8 15. Qb3 b6 16. Nxe7+ Nxe7 17. Bxa8 Qxa8 18. Bxe7 Rxe7 19. Rfe1 Qb8
20. g3 Re8 21. f4 Bd4+ 22. Kg2 Qb7+ 23. Qf3 Qxf3+ 24. Kxf3 Rxe1 25. Rxe1
Bxb2 26. Re7 a5 27. Rb7 Bd4 28. h3 h5 29. g4 hxg4+ 30. hxg4 Bc5 31. a4 Kg7
32. Ke4 Kf6 33. Kd5 Be3 34. Ke4 Bc5 35. Rc7 Ke6 36. Rc6+ Kd7 37. Kd5 Be3 38.
f5 gxf5 39. gxf5 Bf2 40. Rc2 Bg1 41. Rg2 Bc5 42. Rb2 Kc7 43. Re2 Kd7 44. Rg2
Ke7 45. Rc2 Bg1 46. Rc7+ Ke8 47. Kc6 f6 48. Rb7 Kd8 49. Rxb6 Bxb6 50. Kxb6
Kc8 51. Kxa5 Kb7 52. Kb5 Ka7 53. a5 Kb7 54. a6+ Ka7 55. Ka5 Ka8 56. Kb6 Kb8
57. a7+ Ka8 58. Kc6 Kxa7 59. Kd6 Kb8 60. Ke6 Kc8 61. Kxf6 Kd8 62. Kg7 Ke8
63. f6 Kd7 64. f7 Ke7 65. f8=Q+ Kd7 66. Qc5 Ke6 67. Kg6 Kd7 68. Kf6 Ke8 69.
Qe7# {Black checkmated} 1-0

[Event "ICC tourney 2212 (3 2)"]
[Site "Internet Chess Club"]
[Date "2020.12.18"]
[Round "7"]
[White "stephenwilly"]
[Black "hackerguru"]
[Result "0-1"]
[ICCResult "White checkmated"]
[WhiteElo "1496"]
[BlackElo "1756"]
[Opening "Sicilian: Labourdonnais-Löwenthal variation"]
[ECO "B32"]
[NIC "SI.32"]
[Time "21:40:44"]
[TimeControl "180+2"]

1. e4 c5 2. Nf3 Nc6 3. d4 cxd4 4. Nxd4 e5 5. Nf3 Nf6 6. Nc3 Bb4 7. Bg5 Bxc3+
8. bxc3 Qa5 9. Bxf6 Qxc3+ 10. Nd2 gxf6 11. Bd3 Nd4 12. O-O O-O 13. Nf3 Ne6
14. Nh4 Nf4 15. Nf5 d5 16. Qg4+ Ng6 17. exd5 Bxf5 18. Bxf5 Rad8 19. h4 Qd4
20. Qg3 Qxh4 21. Bxg6 Qxg3 22. Bxh7+ Kxh7 23. fxg3 Rxd5 24. Rxf6 Rd2 25. Rf2
Rxf2 26. Kxf2 Rc8 27. Rc1 Rc3 28. Kg1 Rxg3 29. Rf1 Kg7 30. Rb1 b6 31. Re1 f6
32. Rd1 Ra3 33. Rd3 Rxa2 34. Rc3 b5 35. Kf2 b4 36. Rc7+ Kg6 37. Ke3 a5 38.
g4 a4 39. Kd3 b3 40. cxb3 axb3 41. Rb7 Rg2 42. g5 fxg5 43. Rb6+ Kf5 44. Ke3
b2 45. Kf3 Rc2 46. Ke3 g4 47. Kd3 Rh2 48. Ke3 g3 49. Kf3 g2 50. Kf2 g1=Q+
51. Kxg1 Rc2 52. Kh1 Rc1+ 53. Kg2 b1=Q 54. Rxb1 Rxb1 55. Kf3 e4+ 56. Ke3
Rb3+ 57. Kd2 Rh3 58. Ke2 e3 59. Kd3 Kf4 60. Ke2 Ke4 61. Kf1 Kf3 62. Kg1 Rh8
63. Kf1 Rh1# {White checkmated} 0-1

[Event "ICC tourney 2212 (3 2)"]
[Site "Internet Chess Club"]
[Date "2020.12.18"]
[Round "7"]
[White "breaker90"]
[Black "bopala"]
[Result "1-0"]
[ICCResult "Black checkmated"]
[WhiteElo "2112"]
[BlackElo "1939"]
[Opening "Ruy Lopez: closed defense"]
[ECO "C84"]
[NIC "RL.13"]
[Time "21:41:16"]
[TimeControl "180+2"]

1. e4 e5 2. Nf3 Nc6 3. Bb5 a6 4. Ba4 Nf6 5. O-O Be7 6. d3 b5 7. Bb3 O-O 8.
a4 Bb7 9. Nc3 b4 10. Ne2 d5 11. Ng3 dxe4 12. dxe4 Qxd1 13. Rxd1 Rad8 14. Bg5
h6 15. Be3 Ng4 16. Nf5 Nxe3 17. fxe3 Bc5 18. Kf2 Ne7 19. Nxe7+ Bxe7 20. Bd5
c6 21. Bc4 Bf6 22. b3 c5 23. Bd3 Rd6 24. Rd2 Rfd8 25. Rad1 g5 26. h3 h5 27.
g4 h4 28. Ke2 Kf8 29. Rc1 Ke7 30. c3 Rc8 31. cxb4 cxb4 32. Rxc8 Bxc8 33. Bc4
Rxd2+ 34. Kxd2 Bb7 35. Kd3 Kd6 36. Bxf7 a5 37. Nd2 Ba6+ 38. Bc4 Bb7 39. Bb5
Kc5 40. Nc4 Bc6 41. Bxc6 Kxc6 42. Nxa5+ Kb6 43. Nc4+ Kc5 44. Nd2 Be7 45. Nf3
Bf6 46. Kc2 Kc6 47. Kd2 Kc5 48. Kd3 Kc6 49. Kc4 Kb6 50. Kxb4 Be7+ 51. Kc4
Bc5 52. a5+ Kc6 53. Nxe5+ Kd6 54. Nf7+ Kc6 55. Nd8+ Kc7 56. Ne6+ Kd6 57.
Nxc5 Kc6 58. Nd3 Kd6 59. e5+ Ke6 60. a6 Kd7 61. a7 Ke6 62. a8=Q Kd7 63. Qd5+
Ke7 64. Qd6+ Kf7 65. Qf6+ Ke8 66. Nf4 Kd7 67. Qd6+ Ke8 68. e6 gxf4 69. Qd7+
Kf8 70. Qf7# {Black checkmated} 1-0

[Event "ICC tourney 2212 (3 2)"]
[Site "Internet Chess Club"]
[Date "2020.12.18"]
[Round "7"]
[White "baldwinsthename"]
[Black "iszerencsy"]
[Result "0-1"]
[ICCResult "White checkmated"]
[WhiteElo "1215"]
[BlackElo "1377"]
[Opening "Old Benoni defense"]
[ECO "A43"]
[NIC "OI.09"]
[Time "21:40:48"]
[TimeControl "180+2"]

1. d4 c5 2. d5 d6 3. e4 Nf6 4. Nc3 g6 5. Bd3 Bg7 6. f4 O-O 7. Nf3 e6 8. dxe6
fxe6 9. Be3 Nbd7 10. Qd2 Nb6 11. b3 Qc7 12. O-O d5 13. Nb5 Qc6 14. Ne5 Qe8
15. exd5 Nfxd5 16. Nd6 Qd8 17. Nxc8 Rxc8 18. Rae1 Nxe3 19. Qxe3 Nd5 20. Qg3
Qb6 21. Kh1 Qd8 22. c4 Nf6 23. Rd1 Qe8 24. Be2 Ne4 25. Qh3 Bxe5 26. fxe5
Nf2+ 27. Rxf2 Rxf2 28. Bg4 Rc6 29. Qg3 Rf8 30. h4 Qf7 31. h5 Kh8 32. hxg6
Qxg6 33. Kh2 Qh6+ 34. Bh3 Rg8 35. Qf3 Qf8 36. Qd3 Qf4+ 37. g3 Qxe5 38. Rd2
Qf6 39. Rg2 Qd8 40. Qe3 Qd4 41. Qh6 Qg7 42. Qf4 Rf8 43. Qe4 Qg6 44. Qe5+ Qf6
45. Qh5 e5 46. Qe2 Re8 47. g4 Qf4+ 48. Rg3 Rf8 49. g5 Qf2+ 50. Rg2 Qxe2 51.
Rxe2 Rg6 52. Rxe5 Rfg8 53. Re7 Rxg5 54. Rxb7 R5g7 55. Rb5 Rc7 56. Be6 Re8
57. Bd5 Rf8 58. a4 Rf2+ 59. Kg3 Rf8 60. Kg4 Kg7 61. Kg5 h6+ 62. Kh5 Rf6 63.
a5 a6 64. Rb8 Rf8 65. Rb6 Rf6 66. Rb8 Rf8 67. Rb6 Ra7 68. Rg6+ Kh7 69. Rxh6+
Kg7 70. Rg6+ Kh7 71. Rh6+ Kg7 72. Rg6+ Kh8 73. Rh6+ Rh7 74. Rxh7+ Kxh7 75.
Kg5 Rf2 76. Be4+ Kg7 77. Bd5 Rb2 78. Kf5 Rxb3 79. Ke5 Ra3 80. Kd6 Rxa5 81.
Kc6 Kf6 82. Kb6 Ra1 83. Kxc5 a5 84. Kb5 a4 85. c5 Ke5 86. Bg8 a3 87. c6 a2
88. Bxa2 Rxa2 89. Kb6 Rc2 90. Kc7 Kd5 91. Kb7 Rxc6 92. Ka7 Kc5 93. Kb7 Kb5
94. Ka7 Rb6 95. Ka8 Kc6 96. Ka7 Rb1 97. Ka8 Kc7 98. Ka7 Ra1# {White
checkmated} 0-1

[Event "ICC tourney 2212 (3 2)"]
[Site "Internet Chess Club"]
[Date "2020.12.18"]
[Round "7"]
[White "TjkTiger"]
[Black "MrNormalName"]
[Result "1-0"]
[ICCResult "Black checkmated"]
[WhiteElo "2602"]
[BlackElo "2181"]
[Opening "English: Mikenas-Carls variation"]
[ECO "A18"]
[NIC "EO.57"]
[Time "21:41:39"]
[TimeControl "180+2"]

1. c4 e6 2. Nc3 Nf6 3. e4 d5 4. cxd5 exd5 5. e5 Ne4 6. Nf3 Bc5 7. d4 Bb4 8.
Qa4+ Nc6 9. Bb5 O-O 10. Qb3 Bg4 11. Be3 Bxf3 12. gxf3 Ng5 13. Bxc6 Bxc3+ 14.
Qxc3 bxc6 15. Ke2 Rb8 16. b3 Rb6 17. Rac1 f6 18. h4 Ne6 19. f4 fxe5 20. fxe5
Ra6 21. Rc2 Nf4+ 22. Kd2 Qd7 23. Kc1 Qg4 24. Kb1 Qg2 25. Rhc1 Qe4 26. Ka1
Ne6 27. h5 c5 28. dxc5 d4 29. Qc4 Qxe5 30. Bd2 Rc6 31. b4 Rxf2 32. Kb1 a5
33. a3 axb4 34. axb4 Qf5 35. Ka1 Qe5 36. Re1 Qf6 37. Kb1 h6 38. Qd5 Ra6 39.
Rb2 Ra3 40. Qxe6+ Qxe6 41. Rxe6 d3 42. Re1 Rh2 43. b5 Rxh5 44. b6 cxb6 45.
cxb6 Ra8 46. b7 Rb8 47. Bf4 d2 48. Bxd2 Rh2 49. Rc1 Rxd2 50. Rxd2 Rxb7+ 51.
Rb2 Rf7 52. Rg1 Kh7 53. Rb6 Rc7 54. Kb2 h5 55. Rg5 g6 56. Rgxg6 Rc5 57. Rgd6
Kg7 58. Rd7+ Kf8 59. Rb8+ Rc8 60. Rxc8# {Black checkmated} 1-0